 Dungeon Crawl Stone Soup version 0.17.1-3-g152610e (webtiles) character file.

4087 Chiseanne the Nimble (level 10, -11/53 HPs)
             Began as a Spriggan Assassin on Mar 4, 2016.
             Was an Initiate of Gozag.
             Killed by the air
             ... invoked by Gastronok
              (41 damage)
             ... on level 9 of the Dungeon.
             The game lasted 00:29:08 (8975 turns).

Chiseanne the Nimble (Spriggan Assassin)            Turns: 8975, Time: 00:29:08

Health: -11/53     AC:  4    Str:  7    XL:     10   Next: 5%
Magic:  12/12      EV: 33    Int: 12    God:    Gozag
Gold:   887        SH:  0    Dex: 22    Spells: 0 memorised, 9 levels left

rFire  . . .     SeeInvis +     a - +2 dagger (venom)
rCold  + . .     Clarity  .     H - +1 robe {rN+}
rNeg   + . .     SustAt   .     (shield restricted)
rPois  .         Gourm    .     (helmet restricted)
rElec  .         Spirit   .     N - +0 cloak
rCorr  .         Warding  .     (gloves unavailable)
rMut   .         Stasis   .     (boots unavailable)
MR     +....                    (no amulet)
Stlth  +++++++...               F - ring of protection from cold
                                P - ring of stealth

@: very quick, somewhat resistant to hostile enchantments, extremely stealthy
A: unfitting armour, see invisible, herbivore 3, speed 3, slow metabolism 2
a: Potion Petition, Call Merchant, Bribe Branch, Renounce Religion


You were on level 9 of the Dungeon.
You worshipped Gozag.
Gozag was noncommittal.
You were not hungry.

You visited 2 branches of the dungeon, and saw 10 of its levels.

You collected 946 gold pieces.
You paid 59 gold pieces to Gozag.

Inventory:

Hand Weapons
 a - a +2 dagger of venom (weapon)
 d - a +2 hand axe of flaming
 s - a +2 rapier of speed
 w - a +0 blowgun
Missiles
 e - 27 poisoned needles
 f - 2 curare-tipped needles {!#}
 k - 32 sling bullets
 l - 98 arrows
 m - 8 arrows of dispersal
 t - 87 bolts
 x - 6 tomahawks (quivered)
 A - a throwing net
 K - 32 arrows of frost
Armour
 H - a +1 robe of positive energy (worn)
 J - an ice dragon hide
 N - a +0 cloak (worn)
Jewellery
 b - an uncursed ring of fire
 n - a +3 ring of intelligence
 y - a +6 ring of intelligence
 F - a ring of protection from cold (right hand)
 P - a ring of stealth (left hand)
Wands
 r - a wand of confusion (33)
 M - a wand of frost (8)
Scrolls
 c - a scroll of immolation
 v - 3 scrolls of remove curse
 C - a scroll of fear
 G - 3 scrolls of teleportation
 L - a scroll of amnesia
Potions
 h - 2 potions of flight
 i - a potion of might
 j - a potion of experience {unknown}
 o - 3 potions of brilliance
 p - a potion of agility {unknown}
 q - 2 potions of lignification
 u - 4 potions of curing
 z - 3 potions of cancellation
 B - 2 potions of heal wounds
 D - a potion of mutation {unknown}
 E - a potion of cure mutation {unknown}
 O - a potion of poison {unknown}
Comestibles
 g - 7 bread rations
 I - 3 fruits


   Skills:
 - Level 5.9 Fighting
 - Level 2.1 Short Blades
 - Level 2.0 Throwing
 * Level 14.3 Dodging
 + Level 12.2 Stealth
 + Level 1.5 Evocations


You had 9 spell levels left.
You didn't know any spells.

Dungeon Overview and Level Annotations

Branches:
Dungeon (9/15)             Temple (1/1) D:6
   Lair: D:8-11         Orc: D:9-12

Altars:
Ashenzari
Cheibriados
Dithmenos
Elyvilon
Fedhas
Gozag
Kikubaaqudgha
Makhleb
Nemelex Xobeh
Okawaru
Qazlal
Ru
Sif Muna
Trog
Vehumet
Xom
Yredelemnul
Zin
The Shining One

Shops:
D:6 [

Annotations:
D:8 Chiseanne's ghost, novice SpAs
D:9 Gastronok


Innate Abilities, Weirdness & Mutations

You are tiny and cannot use many weapons and most armour.
You have supernaturally acute eyesight.
You are a herbivore.
You cover ground extremely quickly.
You need consume almost no food.


Message History

A red ugly thing comes into view.
The red ugly thing gurgles horribly!
You hit Gastronok.
Gastronok is poisoned.
Gastronok is lightly wounded.
You hit Gastronok but do no damage.
Gastronok looks even sicker.
Gastronok is lightly wounded.
Gastronok completely misses you.
You hit Gastronok.
Gastronok is lightly wounded.
You hit Gastronok.
Gastronok is lightly wounded.
Gastronok completely misses you.
You hit Gastronok but do no damage.
Gastronok is lightly wounded.
The red ugly thing completely misses you.
Gastronok waves his eye-stalks in wide circles.
The air twists around and strikes you!
Ouch! That really hurt!
You die...
Your body crumbles into a pile of gold.

#######
####.....##########
#.#.......#.#.#.#.#
.#.#.#w....#.#.#[#.##
#...........#.#.#.#.#####
.#...#.u@..#.#.#.#.......
#.....#.#.#.#.#.#.#...###
.#.#.#.#.#.#.#.#.#....#
#.#.#.#.#.#.#.#.#...#
#.#.#.#.#.#.#.#.#.####
#.#.#.#.#.#.#.#.#.#.#
.#.#.#.#.#.#.#.#.#.######
#>#.#.#.#.# #.#.#.<......
.#.#.#.#.# .#.#.#.#.....


You could see Gastronok and a red ugly thing.

Vanquished Creatures
  Pikel (D:5)
  Prince Ribbit (D:7)
  Grum (D:8)
  A hippogriff (D:8)
  Edmund (D:4)
  3 wolves (D:8)
  Duvessa (D:7)
  A black bear (D:8)
  5 ogres
  2 sky beasts
  An orc warrior (D:7)
  2 slaves (D:5)
  2 ice beasts
  A phantom (D:8)
  3 centaurs
  A necrophage (D:7)
  2 giant frogs
  Dowan (D:7)
  A scorpion (D:8)
  6 crimson imps
  A giant frog zombie (D:7)
  An iguana (D:6)
  A centaur skeleton (D:8)
  A jelly (D:4)
  4 orc wizards
  4 worker ants
  A giant frog skeleton (D:7)
  4 orc priests
  2 hounds (D:8)
  A hound zombie (D:5)
  2 hound skeletons
  6 gnolls
  5 adders
  A shadow imp (D:8)
  An ooze (D:4)
  3 adder skeletons (D:4)
  An adder zombie (D:7)
  3 worms
  21 orcs
  3 ball pythons (D:2)
  7 bats
  7 giant cockroaches
  17 goblins
  8 hobgoblins
  9 jackals
  6 quokkas
  A giant cockroach zombie (D:5)
  5 giant geckos
  5 giant newts
  8 kobolds
  A quokka skeleton (D:7)
  A quokka zombie (D:6)
  7 rats
185 creatures vanquished.

Vanquished Creatures (others)
  A crimson imp (D:5)
1 creature vanquished.

Grand Total: 186 creatures vanquished

Notes
Turn   | Place    | Note
--------------------------------------------------------------
     0 | D:1      | Chiseanne the Spriggan Assassin began the quest for the Orb.
     0 | D:1      | Reached XP level 1. HP: 10/10 MP: 2/2
   795 | D:1      | Reached skill level 6 in Stealth
   795 | D:1      | Reached XP level 2. HP: 5/14 MP: 3/3
  1304 | D:2      | Found a burning altar of Makhleb.
  1428 | D:2      | Reached XP level 3. HP: 18/18 MP: 4/4
  1914 | D:2      | Found a glowing silver altar of Zin.
  2007 | D:2      | Reached XP level 4. HP: 17/23 MP: 5/5
  2146 | D:2      | Reached skill level 5 in Dodging
  2302 | D:3      | Noticed a giant frog
  2321 | D:2      | Killed a giant frog
  2321 | D:2      | Reached XP level 5. HP: 21/27 MP: 6/6
  2380 | D:3      | Reached skill level 7 in Stealth
  2476 | D:3      | Found a bloodstained altar of Trog.
  3128 | D:3      | Found a shattered altar of Ashenzari.
  3135 | D:3      | Found an iron altar of Okawaru.
  3611 | D:4      | Reached XP level 6. HP: 32/32 MP: 7/7
  4014 | D:4      | Reached skill level 8 in Stealth
  4145 | D:4      | Noticed a phantom
  4146 | D:4      | Noticed Edmund
  4190 | D:4      | Killed Edmund
  4190 | D:4      | Reached XP level 7. HP: 36/36 MP: 8/8
  4488 | D:4      | Noticed an ogre
  4519 | D:4      | Killed an ogre
  4821 | D:5      | Entered Level 5 of the Dungeon
  4983 | D:5      | Noticed Pikel
  5083 | D:5      | Killed Pikel
  5083 | D:5      | Reached skill level 10 in Dodging
  5083 | D:5      | Reached XP level 8. HP: 34/42 MP: 9/9
  5354 | D:5      | Found a blossoming altar of Fedhas.
  5372 | D:5      | Found an opulent altar of Gozag.
  5378 | D:5      | Became a worshipper of Gozag Ym Sagoz the Greedy
  5723 | D:5      | Reached skill level 10 in Stealth
  5839 | D:6      | Reached skill level 11 in Dodging
  6310 | D:6      | Found a staircase to the Ecumenical Temple.
  6335 | Temple   | Entered the Ecumenical Temple
  6542 | D:6      | Found Camm's Antique Armour Shop.
  6929 | D:7      | Noticed Duvessa
  6930 | D:7      | Noticed Dowan
  6948 | D:7      | Killed Duvessa
  6956 | D:7      | Killed Dowan
  7111 | D:7      | Reached XP level 9. HP: 46/46 MP: 10/10
  7136 | D:7      | Reached skill level 12 in Dodging
  7227 | D:7      | Reached skill level 5 in Fighting
  7337 | D:7      | Found a blossoming altar of Fedhas.
  7482 | D:7      | Noticed Prince Ribbit
  7545 | D:7      | Killed Prince Ribbit
  7832 | D:8      | Noticed Chiseanne's ghost (novice SpAs)
  7852 | D:8      | Noticed Grum
  7883 | D:8      | Reached skill level 13 in Dodging
  7896 | D:8      | Killed Grum
  8224 | D:8      | Found a basalt altar of Yredelemnul.
  8238 | D:8      | Reached skill level 14 in Dodging
  8759 | D:8      | Reached skill level 1 in Evocations
  8782 | D:8      | Reached XP level 10. HP: 46/53 MP: 11/11
  8962 | D:9      | Noticed Gastronok
  8969 | D:9      | Noticed a red ugly thing
  8975 | D:9      | Killed from afar by Gastronok

Action                   |  1- 3 |  4- 6 |  7- 9 | 10-12 || total
-------------------------+-------+-------+-------+-------++-------
Melee: Dagger            |    88 |   112 |   349 |    33 ||   582
       Hand axe          |       |       |    14 |       ||    14
       Rapier            |       |       |    71 |       ||    71
 Fire: Blowgun           |       |    19 |    33 |       ||    52
Throw: Tomahawk          |       |     3 |       |       ||     3
  Use: Scroll            |     9 |     6 |     3 |       ||    18
       Potion            |       |       |     2 |       ||     2
 Stab: Sleeping          |    17 |     9 |    20 |       ||    46
       Distracted        |       |     2 |     7 |       ||     9
  Eat: Bread ration      |       |     1 |       |       ||     1
